 Dungeon Sprint DCSS version 0.29-a0-870-g2c972031a6 (webtiles) character file.

Game seed: 8209793327692888117

1189 mhtbhm the Basher (level 8, -2/57 HPs)
             Began as a Gargoyle Fighter on July 17, 2022.
             Was a Priest of Okawaru.
             Slain by a boulder beetle (14 damage)
             ... in the Dungeon (Sprint IX: "|||||||||||||||||||||||||||||").
             The game lasted 00:01:38 (754 turns).

mhtbhm the Basher (Gargoyle Fighter)                 Turns: 754, Time: 00:01:39

Health: -2/57      AC: 27    Str: 22    XL:     8   Next: 43%
Magic:  12/12      EV:  8    Int: 15    God:    Okawaru [***...]
Gold:   0          SH:  5    Dex:  9    Spells: 7/7 levels left

rFire   . . .      SeeInvis .   a - +2 morningstar (protect)
rCold   . . .      Faith    .   c - +0 buckler
rNeg    + . .      Spirit   .   b - +1 chain mail
rPois   ∞          Reflect  .   (no helmet)
rElec   +          Harm     .   (no cloak)
rCorr   .          Rampage  .   n - +0 pair of gloves
Will    .....      NoTele   +   m - +0 pair of boots
Stlth   ..........              (no amulet)
HPRegen 0.19/turn               p - +3 ring of intelligence
MPRegen 0.13/turn               o - +3 ring of intelligence

@: under a protective aura, invisible
A: sickness immunity, AC +5, negative energy resistance 1, electricity
resistance, torment resistance 1, petrification resistance
a: Renounce Religion, Heroism


You were in the Dungeon.
You worshipped Okawaru.
Okawaru was most pleased with you.
You visited 1 branch

Inventory:

Hand Weapons
 a - a +2 morningstar of protection (weapon)
Armour
 b - a +1 chain mail (worn)
 c - a +0 buckler (worn)
 m - a +0 pair of boots (worn)
 n - a +0 pair of gloves (worn)
Jewellery
 o - a +3 ring of intelligence (right hand)
 p - a +3 ring of intelligence (left hand)
Wands
 l - a wand of iceblast (3)
Scrolls
 j - a scroll of blinking
 k - 2 scrolls of amnesia
Potions
 e - 3 potions of curing
 g - a potion of haste
 h - 4 potions of magic


   Skills:
 + Level 9.7 Fighting
 + Level 10.4 Maces & Flails
 + Level 8.7 Armour
 + Level 3.5 Dodging
 + Level 0.2 Stealth
 + Level 8.1 Shields
 * Level 6.6 Invocations


You had 7 spell levels left.
You didn't know any spells.
Your spell library was empty.

Dungeon Overview and Level Annotations

Branches:
Dungeon (1/1)

Altars:
Cheibriados
Dithmenos
Elyvilon
Fedhas
Gozag
Hepliaklqana
Kikubaaqudgha
Makhleb
Nemelex Xobeh
Okawaru
Qazlal
Ru
Sif Muna
Trog
Uskayaw
Vehumet
Wu Jian
Xom
Yredelemnul
Zin
The Shining One
Jiyva
Lugonu


Innate Abilities, Weirdness & Mutations

You are immune to sickness and miasma.
Your stone body is resilient. (AC +5)
You are immune to poison.
You resist negative energy. (rN+)
You are resistant to electric shocks. (rElec)
You are resistant to unholy torment.
You are immune to petrification.


Message History

Aiming: Iceblast
Press: ? - help, Shift-Dir - straight line, f/p - boulder beetle
Aim: a boulder beetle (severely wounded, rolling, unable to see you)
The mass of ice explodes!
The iceblast engulfs the boulder beetle!
The boulder beetle is almost dead.
The iceblast engulfs the skeletal warrior.
The skeletal warrior is almost destroyed.
The boulder beetle hits you but does no damage.
The boulder beetle stops rolling and uncurls.
Unknown command.
Unknown command.
You hit the boulder beetle but do no damage.
Your weapon exudes an aura of protection.
The boulder beetle is almost dead.
You strike the helpless boulder beetle from behind!
You hit the boulder beetle but do no damage.
The boulder beetle is almost dead.
The basilisk gazes at the skeletal warrior.
The skeletal warrior resists with almost no effort.
The boulder beetle bites you!
* * * LOW HITPOINT WARNING * * *
Unknown command.
You feel better.
The basilisk gazes at the skeletal warrior.
The skeletal warrior resists with almost no effort.
The boulder beetle closely misses you.
You hit the boulder beetle but do no damage.
The boulder beetle is almost dead.
The boulder beetle completely misses you.
You hit the boulder beetle but do no damage.
The boulder beetle is almost dead.
The basilisk gazes at the skeletal warrior.
The skeletal warrior resists with almost no effort.
You hit the boulder beetle but do no damage.
The boulder beetle is almost dead.
The basilisk gazes at the skeletal warrior.
The skeletal warrior resists with almost no effort.
The boulder beetle bites you!
You die... ▓▓▓▓▓▓▓▓▓▓▓▓▓▓▓▓▓▓▓▓▓▓▓▓▓▓▓▓▓▓▓▓ +..TCl(§..TClzB@..[..)..'_______ ▓▓▓▓▓▓▓▓▓▓▓▓▓▓▓▓▓▓▓▓▓▓▓▓▓▓▓▓▓▓▓▓

You could see a boulder beetle (unable to see you), a skeletal warrior (wandering, unable to see you), a cyclops (unable to see you), a troll (unable to see you) and a basilisk (unable to see you).

Vanquished Creatures
  A cyclops (D)
  A wyvern (D)
  A wraith (D)
  An acid dragon (D)
  2 orc warriors (D)
  A phantom (D)
  A scorpion (D)
  A howler monkey (D)
  A hound (D)
  An orc wizard (D)
  An orc (D)
  A giant cockroach (D)
  A hobgoblin (D)
  2 ball pythons (D)
  A bat (D)
17 creatures vanquished.

Notes
Turn   | Place    | Note
-------+----------+-------------------------------------------
     0 | D        | mhtbhm the Gargoyle Fighter began the quest for the Orb.
     0 | D        | Reached XP level 1. HP: 14/14 MP: 1/1
   346 | D        | Noticed a phantom
   346 | D        | Noticed a howler monkey
   346 | D        | Noticed a scorpion
   346 | D        | Noticed a hound
   351 | D        | Killed a hound
   352 | D        | Reached skill level 5 in Fighting
   352 | D        | Reached skill level 3 in Maces & Flails
   352 | D        | Reached XP level 2. HP: 21/21 MP: 2/2
   352 | D        | Reached XP level 3. HP: 26/26 MP: 3/3
   355 | D        | Killed a scorpion
   356 | D        | Reached skill level 4 in Maces & Flails
   356 | D        | Reached skill level 5 in Shields
   356 | D        | Reached XP level 4. HP: 32/32 MP: 4/4
   364 | D        | Reached skill level 5 in Maces & Flails
   364 | D        | Reached skill level 1 in Dodging
   364 | D        | Reached XP level 5. HP: 23/37 MP: 5/5
   375 | D        | Killed a phantom
   376 | D        | Reached skill level 6 in Maces & Flails
   383 | D        | Found a snail-covered altar of Cheibriados.
   383 | D        | Found a shadowy altar of Dithmenos.
   383 | D        | Found a white marble altar of Elyvilon.
   383 | D        | Found a blossoming altar of Fedhas.
   383 | D        | Found an opulent altar of Gozag.
   384 | D        | Found a hazy altar of Hepliaklqana.
   385 | D        | Found a viscous altar of Jiyva.
   386 | D        | Found an ancient bone altar of Kikubaaqudgha.
   387 | D        | Found a corrupted altar of Lugonu.
   388 | D        | Found a burning altar of Makhleb.
   389 | D        | Found a sparkling altar of Nemelex Xobeh.
   390 | D        | Found an iron altar of Okawaru.
   391 | D        | Found a stormy altar of Qazlal.
   392 | D        | Found a sacrificial altar of Ru.
   393 | D        | Found a shimmering blue altar of Sif Muna.
   394 | D        | Found a bloodstained altar of Trog.
   395 | D        | Found a hide-covered altar of Uskayaw.
   396 | D        | Found a radiant altar of Vehumet.
   397 | D        | Found an ornate altar of the Wu Jian Council.
   398 | D        | Found a shimmering altar of Xom.
   400 | D        | Became a worshipper of Warmaster Okawaru
   624 | D        | Found a basalt altar of Yredelemnul.
   625 | D        | Found a glowing silver altar of Zin.
   626 | D        | Found a glowing golden altar of the Shining One.
   679 | D        | Noticed an acid dragon
   679 | D        | Noticed a wraith
   679 | D        | Noticed an orc warrior
   679 | D        | Noticed a wyvern
   679 | D        | Noticed an orc warrior
   688 | D        | Killed an orc warrior
   689 | D        | Reached skill level 7 in Maces & Flails
   689 | D        | Reached XP level 6. HP: 44/44 MP: 5/7
   693 | D        | Killed a wyvern
   693 | D        | Reached * piety under Okawaru
   694 | D        | Reached XP level 7. HP: 49/50 MP: 5/9
   700 | D        | Reached skill level 8 in Maces & Flails
   707 | D        | Killed a wraith
   708 | D        | Reached skill level 9 in Maces & Flails
   708 | D        | Reached skill level 5 in Invocations
   710 | D        | Reached ** piety under Okawaru
   717 | D        | Noticed a troll
   717 | D        | Noticed a cyclops
   717 | D        | Noticed a boulder beetle
   717 | D        | Noticed a basilisk
   717 | D        | Noticed a skeletal warrior
   717 | D        | Noticed a cyclops
   722 | D        | Killed a cyclops
   722 | D        | Reached *** piety under Okawaru
   723 | D        | Reached skill level 10 in Maces & Flails
   723 | D        | Reached XP level 8. HP: 42/57 MP: 9/12
   750 | D        | HP: 1/57 [boulder beetle (9)]
   754 | D        | Slain by a boulder beetle

Illustrated notes

Levels and vault maps discovered:
D:        linesprint [early_d, line_temple, items_1, d_10, items_2, lair_1,
          lair_end, items_3, orc_1, orc_end, items_4, d_15, swamp_1, shoals_1,
          snake_1, spider_1, d_20, vaults_1, items_5, swamp_end, shoals_end,
          snake_end, spider_end, vaults_end, d_27, items_6, zot_1, zot_end,
          crypt_end, forest_end, elf_end, slime_end, tomb_end, abyss_end,
          pan_hell_end]

Skill      XL: |  1  2  3  4  5  6  7 |
---------------+----------------------+-----
Fighting       | 5 6 7 8 9 |  9.7
Maces & Flails | 3 4 5 7 10 | 10.4
Armour         | 4 6 7 8 |  8.7
Shields        | 4 5 6 7 8 |  8.1
Dodging        | 1 2 3 |  3.5
Invocations    | 2 3 6 |  6.6
Stealth        | |  0.2

Action                   |  1- 3 |  4- 6 |  7- 9 || total
-------------------------+-------+-------+-------++-------
Melee: Flail             |    30 |    21 |       ||    51
       Morningstar       |       |    11 |    38 ||    49
Evoke: Wand              |       |       |     7 ||     7
  Use: Potion            |     1 |     2 |     5 ||     8
       Scroll            |       |       |     1 ||     1
 Stab: Invisible         |       |       |     2 ||     2
Armor: Scale mail        |    18 |    13 |       ||    31
       Chain mail        |       |     6 |    19 ||    25
Dodge: Dodged            |    14 |    10 |     8 ||    32
Block: Buckler           |     6 |    10 |     4 ||    20

Table legend: (Time is in decaauts)
 A = Elapsed time spent in this place.
 B = Non-inter-level travel time spent in this place.
 C = Inter-level travel time spent in this place.
 D = Time resting spent in this place.
 E = Time spent auto-exploring this place.
 F = Levels seen in this place.
 G = Mean time per level.
                   A        B        C        D        E       F      G
               +--------+--------+--------+--------+--------+-----+--------+
         Total |    782 |    782 |      0 |    534 |      3 |   1 |  782.0 |
       Dungeon |    782 |    782 |      0 |    534 |      3 |   1 |  782.0 |
               +--------+--------+--------+--------+--------+-----+--------+

Top non-repeatable levels by time:
       D: 782 daAuts
